 Dungeon Crawl Stone Soup version 0.29-a0-334-gb41bcbb86e (webtiles) character file.

Game seed: 8463942840686618174

121 Antichthon the Grasshopper (level 5, 0/46 HPs)
             Began as a Naga Warper on Apr 15, 2022.
             Slain by a kobold
             ... wielding a +0 whip of venom
              (2 damage)
             ... in a sewer.
             The game lasted 00:04:45 (4530 turns).

Antichthon the Grasshopper (Naga Warper)            Turns: 4530, Time: 00:04:47

Health: 0/46       AC:  3    Str: 14    XL:     5   Next: 5%
Magic:  8/8        EV:  9    Int: 13    God:
Gold:   117        SH:  0    Dex: 12    Spells: 3/8 levels left

rFire   . . .      SeeInvis +   a - +0 hand axe
rCold   . . .      Faith    .   (no shield)
rNeg    + . .      Spirit   .   l - +0 leather armour
rPois   +          Reflect  .   (no helmet)
rElec   .          Harm     .   e - scarf {shadows}
rCorr   .          Rampage  .   (no gloves)
Will    .....                   (no barding)
Stlth   ++........              (no amulet)
HPRegen 0.15/turn               h - ring of positive energy
MPRegen 0.11/turn               (no ring)

@: very slow
A: AC +1, large, see invisible, deformed body, poison resistance, slowness 2,
spit poison 1, naga tail 1
a: Spit Poison


You were in a sewer.
You visited 1 branch of the dungeon, and saw 3 of its levels.
You also visited: Sewer.

You collected 117 gold pieces.

Inventory:

Hand Weapons
 a - a +0 hand axe (weapon)
 b - a +0 hunting sling
Missiles
 d - 6 boomerangs of dispersal (quivered)
Armour
 e - a scarf of shadows (worn)
 l - a +0 leather armour (worn)
Jewellery
 h - a ring of positive energy (left hand)
Scrolls
 c - a scroll of blinking
 f - a scroll of vulnerability
 k - a scroll of torment
 n - 3 scrolls of holy word
 o - a scroll of fear {unknown}
Potions
 g - a potion of flight {unknown}
 i - a potion of might {unknown}
 j - a potion of heal wounds {unknown}
 m - a potion of lignification {unknown}
 p - a potion of curing {unknown}
 q - a potion of magic {unknown}


   Skills:
 * Level 2.3 Fighting
 * Level 2.4 Axes
 * Level 1.1(1.3) Slings
 - Level 0.8(1.1) Throwing
 * Level 1.6 Armour
 * Level 1.8 Dodging
 * Level 1.6 Stealth
 * Level 0.5 Shields
 * Level 2.2 Spellcasting
 * Level 3.2 Translocations
 * Level 0.6 Transmutations
 * Level 0.7 Earth Magic
 * Level 0.6 Invocations


You had 3 spell levels left.
You knew the following spells:

 Your Spells              Type           Power      Damage    Failure   Level
a - Blink                 Tloc           20%        N/A       12%         2
b - Teleport Other        Tloc           10%        N/A       24%         3

Your spell library contained the following spells:

 Spells                   Type           Power      Damage    Failure   Level
 Gell's Gravitas          Tloc           10%        N/A       24%         3
 Lesser Beckoning         Tloc           10%        N/A       24%         3
 Manifold Assault         Tloc           10%        N/A       91%         5


Dungeon Overview and Level Annotations

Branches:
Dungeon (3/15)              Sewer (1/1)

Altars:


Innate Abilities, Weirdness & Mutations

Your serpentine skin is tough. (AC +1)
You have supernaturally acute eyesight. (SInv)
Armour fits poorly on your strangely shaped body.
Your system is resistant to poisons. (rPois)
You cover ground very slowly.
You can spit poison.
You have a snake-like lower body.


Message History

The kobold attacks as you move away! The kobold closely misses you.
The kobold attacks as you move away! The kobold hits you with a +0 whip.
* * * LOW HITPOINT WARNING * * *
The kobold closely misses you.
Aiming: Spit Poison (1% risk of failure)
Press: ? - help, Shift-Dir - straight line, f - kobold
Aim: a kobold, wielding a +0 whip (heavily wounded, 50% to hit)
The splash of poison hits the kobold.
The kobold is poisoned.
You kill the kobold!
Unknown command.
Okay, then.
You barely miss the kobold.
The kobold is severely wounded.
You barely miss the kobold.
The kobold is severely wounded.
You hit the kobold but do no damage. The kobold closely misses you.
The kobold hits you with a +0 short sword.
* * * LOW HITPOINT WARNING * * *
You slash the kobold!
You kill the kobold!
You barely miss the kobold. The kobold closely misses you.
You barely miss the kobold. The kobold barely misses you.
You barely miss the kobold.
You have got your breath back.
The kobold barely misses you.
The kobold hits you with a +0 whip of venom.
* * * LOW HITPOINT WARNING * * *
Okay, then.
Okay, then.
Press: ? - help, v - describe, . - travel, g - get item
Here: a kobold, wielding a +0 whip of venom and quivering stones Item here: a +0 whip.
An open door, spattered with blood.
Throw: 7 boomerangs (disperse)
Press: ? - help, Q - select action, (/) - cycle Shift-Dir - straight line, f - kobold
Aim: a kobold, wielding a +0 whip of venom and quivering stones (50% to hit)
You throw a boomerang of dispersal.
The boomerang of dispersal closely misses the kobold.
The kobold hits you with a +0 whip of venom.
You die...

### ###
#..#.[# .....
##...##
#.....#
#.....#
###K####≈#
#..@)≈≈≈≈≈
##....≈≈≈≈≈
#....≈≈≈≈≈≈
#....≈≈≈≈≈≈
##....≈≈≈≈≈
#...≈≈≈≈≈≈
##...≈≈≈≈≈≈
##.....≈≈≈≈≈
#.....≈.≈≈≈≈≈


You could see a kobold.

Vanquished Creatures
  4 adders
  2 river rats (Sewer)
  3 dart slugs
  3 bats
  An endoplasm (D:1)
  3 giant cockroaches
  5 goblins
  5 hobgoblins
  6 jackals
  13 kobolds
  2 quokkas (D:1)
  2 frilled lizards (D:1)
  8 rats
57 creatures vanquished.

Notes
Turn   | Place    | Note
-------+----------+-------------------------------------------
     0 | D:1      | Antichthon the Naga Warper began the quest for the Orb.
     0 | D:1      | Reached XP level 1. HP: 19/19 MP: 3/3
   724 | D:1      | Reached XP level 2. HP: 26/26 MP: 5/5
   964 | D:1      | Reached skill level 1 in Stealth
   975 | D:1      | Found a faded altar of an unknown god.
   998 | D:1      | Reached skill level 1 in Armour
  1418 | D:1      | Reached XP level 3. HP: 11/32 MP: 6/6
  1421 | D:1      | Learned a level 2 spell: Blink
  1425 | D:1      | Learned a level 3 spell: Teleport Other
  2887 | D:2      | Reached XP level 4. HP: 31/39 MP: 7/7
  3766 | D:3      | Reached skill level 1 in Slings
  3800 | D:3      | Found a glowing drain.
  3949 | Sewer    | Entered a sewer
  4355 | Sewer    | Reached XP level 5. HP: 22/46 MP: 8/8
  4529 | Sewer    | HP: 2/46 [kobold/+0 whip of venom (2)]
  4530 | Sewer    | Slain by a kobold

Illustrated notes

Levels and vault maps discovered:
D:1:      saegor_arrival_fortress, layout_basic,
          shapermc_ecumenical_altar_mp_vishouse,
          corexii_item_surrounded_by_moat, minivault_27, hex_intersection,
          nicolae_figureground_pulse
D:2:      layout_basic
D:3:      layout_basic, gup_sewer_entry_glass
Sewer:    sewer_minmay_treatment

Skill      XL: |  1  2  3  4 |
---------------+-------------+-----
Stealth        | 1 |  1.6
Armour         | 1 |  1.6
Slings         | 1 |  1.1
Fighting       | |  2.3
Axes           | |  2.4
Throwing       | |  0.8
Dodging        | |  1.8
Shields        | |  0.5
Spellcasting   | |  2.2
Translocations | |  3.2
Transmutations | |  0.6
Earth Magic    | |  0.7
Invocations    | |  0.6

Action                   |  1- 3 |  4- 6 || total
-------------------------+-------+-------++-------
Melee: Hand axe          |   136 |    77 ||   213
       Punch             |     2 |       ||     2
Throw: Boomerang         |       |     1 ||     1
 Abil: Spit Poison       |    12 |     6 ||    18
  Use: Scroll            |     1 |     3 ||     4
 Stab: Sleeping          |     1 |       ||     1
Armor: Leather armour    |    39 |    24 ||    63
Dodge: Dodged            |    89 |    52 ||   141

Table legend: (Time is in decaauts)
 A = Elapsed time spent in this place.
 B = Non-inter-level travel time spent in this place.
 C = Inter-level travel time spent in this place.
 D = Time resting spent in this place.
 E = Time spent auto-exploring this place.
 F = Levels seen in this place.
 G = Mean time per level.
                   A        B        C        D        E       F      G
               +--------+--------+--------+--------+--------+-----+--------+
         Total |   5281 |   5259 |     22 |    511 |   4058 |   4 | 1320.2 |
       Dungeon |   4647 |   4625 |     22 |    111 |   4010 |   3 | 1549.0 |
         Sewer |    633 |    633 |      0 |    400 |     47 |   1 |  633.0 |
               +--------+--------+--------+--------+--------+-----+--------+

Top non-repeatable levels by time:
     D:1: 2241 daAuts
     D:2: 2087 daAuts
   Sewer: 633 daAuts
     D:3: 318 daAuts
